 Dungeon Crawl Stone Soup version 0.31-a0-574-g69dc8cc98e (webtiles) character file.

Game seed: 3310925704435753492

7 LobsterGuardian the Vexing (level 1, 0/7 HPs)
             Began as a Felid Enchanter on Aug 19, 2023.
             Slain by a jackal (3 damage)
             ... on level 1 of the Dungeon.
             The game lasted 00:00:51 (198 turns).

LobsterGuardian the Vexing (Felid Enchanter)         Turns: 198, Time: 00:00:51

Health: 0/7        AC:  1    Str:  4    XL:     1   Next: 91%
Magic:  4/4        EV: 17    Int: 16    God:
Gold:   18         SH:  0    Dex: 16    Spells: 4/4 levels left
                                        Lives:  0   Deaths: 0

rFire   . .          .
                       - Unarmed
rCold   . . .        (shield unavailable)
rNeg    . . .        (body armour unavailable)
rPois   .            (helmet unavailable)
rElec   .            (cloak unavailable)
rCorr   .            (gloves unavailable)
SInv    +            (boots unavailable)
Will    .....        (no amulet)
Stlth   +++          (no ring)
HPRegen 0.21/turn    (no ring)
MPRegen 0.09/turn

%: no passive effects
@: invisible, quick
A: very small, claws 1, fangs 3, see invisible, speed 1, shaggy fur 1, stealthy
paws, no weapons or thrown items, no armour, multi-lived
a: no special abilities


You were on level 1 of the Dungeon.
You visited 1 branch of the dungeon, and saw 1 of its levels.

You collected 18 gold pieces.

Inventory:

Scrolls
 b - a scroll of teleportation {unknown}
Potions
 a - a potion of invisibility
 c - a potion of lignification {unknown}
 d - a potion of haste {unknown}


   Skills:
 - Level 2.6 Dodging
 * Level 4.5 Stealth
 + Level 1.0 Unarmed Combat
 + Level 2.0 Spellcasting
 + Level 4.6 Hexes


You had 4 spell levels left.
You didn't know any spells.
Your spell library contained the following spells:

 Spells                   Type           Power      Damage    Failure   Level
 Confusing Touch          Hex            16%        N/A       9%          3
 Tukima's Dance           Hex            16%        N/A       9%          3
 Ensorcelled Hibernation  Hex/Ice        18%        N/A       12%         2
 Dazzling Flash           Conj/Hex       18%        N/A       24%         3


Dungeon Overview and Level Annotations

Branches:
Dungeon (1/15)

Altars:


Innate Abilities, Weirdness & Mutations

You have sharp claws.
You have razor-sharp teeth.
You have supernaturally acute eyesight. (SInv)
You cover ground quickly. (Speed+)
You are covered in fur. (AC +1)
Your paws help you pounce on unaware monsters.
You are incapable of wielding weapons or throwing items.
You cannot wear armour.
You gain extra lives every three experience levels.


Message History

The jackal is no longer moving quickly.
The jackal puts on a burst of speed as it pursues you!
The hobgoblin puts on a burst of speed as it pursues you!
You see here a bat corpse.
The hobgoblin is no longer moving quickly.
The kobold shouts!
The hobgoblin puts on a burst of speed as it pursues you!
You see here a +0 whip.
You closely miss the jackal. The jackal misses you.
You barely miss the jackal. The jackal barely misses you. The jackal bites you.
The hobgoblin misses you.
You completely miss the jackal. The jackal bites you.
* * * LOW HITPOINT WARNING * * *
The hobgoblin completely misses you.
The jackal barks!
The jackal puts on a burst of speed as it pursues you!
The jackal closely misses you.
You fade into invisibility!
The jackal barely misses you. The hobgoblin barely misses you.
The jackal barks!
You scratch the jackal but do no damage.
The jackal closely misses you. x2
The jackal barks!
You scratch the jackal.
The jackal is heavily wounded.
You pounce on the helpless jackal from behind!
You scratch the jackal.
You kill the jackal!
The jackal barks!
You scratch the jackal. Your bite misses the jackal.
The jackal is heavily wounded.
The jackal bites you. The jackal misses you.
You scratch the hobgoblin.
The hobgoblin is moderately wounded.
The hobgoblin barely misses you. The jackal barely misses you.
You catch the helpless hobgoblin completely off-guard!
You claw the hobgoblin!
You kill the hobgoblin!
The jackal bites you.
You die...

##..## ..# #....##......)>.#
.#####...###.####.##.##......)..#
.......#h##..##...##.##.........#
..####......##..####.##.........#
##.g#...)......#.##.........#
##...#.##.......#.##.........#
#......##..Kg...#............#
#...#####...hh..##.#.........#
#.#.# #....@..##.##...)...##
#♣##..# #...†...##.###.....##
♣<♣#### #...........####.#####
♣..♣ ######..###..........#
#..♣#### ###....##..........#
♣.♣##..######...##.##..........#
..♣.♣.#...##...### .##>.........#
###♣.####....### .##..........#
### ##..## .##..........#


You could see 2 jackals, a goblin (unable to see you) and a kobold (unable to
see you).

Vanquished Creatures
  A goblin (D:1)
  A hobgoblin (D:1)
  2 jackals (D:1)
  A quokka (D:1)
  A bat (D:1)
  A kobold (D:1)
  A rat (D:1)
8 creatures vanquished.

Notes
Turn   | Place    | Note
-------+----------+-------------------------------------------
     0 | D:1      | LobsterGuardian the Felid Enchanter began the quest for the
                  | Orb.
     0 | D:1      | Reached XP level 1. HP: 7/7 MP: 4/4
   198 | D:1      | Slain by a jackal

Illustrated notes

Levels and vault maps discovered:
D:1:      pf_arrival_petrified_forest, layout_rooms

Action                     || total
---------------------------++-------
  Melee: Unarmed           ||    29
         Bite              ||     1
    Use: Potion            ||     1
   Stab: Sleeping          ||     3
         Invisible         ||     2
 Armour: Skin              ||     1
  Dodge: Dodged            ||    30

Table legend: (Time is in decaauts)
 A = Elapsed time spent in this place.
 B = Non-inter-level travel time spent in this place.
 C = Inter-level travel time spent in this place.
 D = Time resting spent in this place.
 E = Time spent auto-exploring this place.
 F = Levels seen in this place.
 G = Mean time per level.
                   A        B        C        D        E       F      G
               +--------+--------+--------+--------+--------+-----+--------+
         Total |    164 |    164 |      0 |      0 |     77 |   1 |  164.0 |
       Dungeon |    164 |    164 |      0 |      0 |     77 |   1 |  164.0 |
               +--------+--------+--------+--------+--------+-----+--------+

Top non-repeatable levels by time:
     D:1: 164 daAuts
